 Dungeon Crawl Stone Soup version 0.32-a0-131-g9dbbe29 (webtiles) character file.

Game seed: 15103290601377713382

511 Dorkslayer the Ruffian (level 7, -11/46 HPs)
             Began as an Octopode Fighter on Feb 8, 2024.
             Was a Follower of Dithmenos.
             Mangled by a wraith (13 damage)
             ... on level 5 of the Dungeon.
             The game lasted 00:10:33 (3383 turns).

Dorkslayer the Ruffian (Octopode Fighter)           Turns: 3383, Time: 00:10:34

Health: -11/46     AC:  1    Str: 17    XL:     7   Next: 19%
Magic:  7/7        EV: 14    Int: 10    God:    Dithmenos [*.....]
Gold:   243        SH:  4    Dex: 12    Spells: 6/6 levels left

rFire   . .          .
                       - Unarmed
rCold   . . .        a - +0 buckler
rNeg    . . .        (helmet restricted)
rPois   .            (no amulet)
rElec   .            (no ring)
rCorr   .            (no ring)
SInv    .            (no ring)
Will    +....        (no ring)
Stlth   ++++         (no ring)
HPRegen 0.27/turn    (no ring)
MPRegen 0.10/turn    (no ring)
                     (no ring)

%: no passive effects
@: enlightened, flying, slowed, wreathed by umbra, very slow
A: almost no armour, amphibious, 8 rings, camouflage 1, gelatinous body 1,
(nimble swimmer 1), tentacles
a: Renounce Religion


You were on level 5 of the Dungeon.
You worshipped Dithmenos.
Dithmenos was aware of your devotion.
You visited 2 branches of the dungeon, and saw 6 of its levels.

You collected 243 gold pieces.

Inventory:

Hand Weapons
 e - a +0 hand axe
 j - a +0 mace
Missiles
 f - 2 atropa-tipped darts
 o - 2 curare-tipped darts (quivered)
Armour
 a - a +0 buckler (worn)
Wands
 s - a wand of flame (14)
 t - a wand of iceblast (3)
Scrolls
 c - a scroll of teleportation
 l - a scroll of poison {unknown}
 q - a scroll of noise {unknown}
Potions
 b - a potion of might
 d - a potion of invisibility {unknown}
 g - a potion of ambrosia {unknown}
 h - a potion of berserk rage
 i - a potion of resistance {unknown}
 k - 2 potions of curing
 m - a potion of heal wounds {unknown}
 n - a potion of mutation {unknown}
 p - 2 potions of enlightenment
 r - a potion of degeneration {unknown}


   Skills:
 + Level 3.5 Fighting
 + Level 0.9 Throwing
 + Level 4.2 Dodging
 + Level 3.1 Stealth
 + Level 3.5 Shields
 * Level 5.7 Unarmed Combat


You had 6 spell levels left.
You didn't know any spells.
Your spell library contained the following spells:

 Spells                   Type           Power      Damage    Failure   Level
 Apportation              Tloc           0%         N/A       43%         1
 Necrotise                Necr           0%         1d4       43%         1
 Sting                    Conj/Alch      0%         1d3       43%         1
 Summon Small Mammal      Summ           0%         N/A       43%         1
 Jinxbite                 Hex            0%         N/A       58%         2
 Dazzling Flash           Conj/Hex       0%         N/A       82%         3
 Volatile Blastmotes      Fire/Tloc      0%         2d10      82%         3
 Alistair's Intoxication  Alch           0%         N/A       100%        5
 Starburst                Conj/Fire      0%         6d3       100%        6
 Maxwell's Capacitive Co  Air            0%         ∞         100%        8


Dungeon Overview and Level Annotations

Branches:
Dungeon (5/15)             Temple (1/1) D:4

Altars:
Ashenzari
Cheibriados
Dithmenos
Elyvilon
Fedhas
Gozag
Hepliaklqana
Kikubaaqudgha
Makhleb
Nemelex Xobeh
Qazlal
Ru
Sif Muna
Trog
Uskayaw
Vehumet
Wu Jian
Xom
Yredelemnul
Zin
The Shining One


Innate Abilities, Weirdness & Mutations

You cannot wear most types of armour.
You are amphibious.
You can wear up to eight rings at the same time.
Your skin changes colour to match your surroundings (Stealth+).
Your rubbery body absorbs attacks. (AC +1, EV +1)
((You are camouflaged when in or above water. (Stealth+)))
You have tentacles for arms and can constrict up to eight enemies at once.


Message History

You barely miss the wraith.
The wraith is moderately damaged.
The wraith barely misses you.
You tentacle-slap the wraith.
The wraith is heavily damaged.
The wraith misses you. The wraith hits you. The wraith drains your vigour!
You feel as though you will be slow longer.
You tentacle-slap the wraith.
The wraith is heavily damaged.
The wraith closely misses you.
You tentacle-slap the wraith. Your squeeze misses the wraith.
The wraith is severely damaged.
The wraith misses you.
You closely miss the wraith. Your squeeze misses the wraith.
The wraith is severely damaged.
The wraith hits you. The wraith drains your vigour!
You feel as though you will be slow longer.
The wraith barely misses you.
You barely miss the wraith.
The wraith is severely damaged.
The wraith barely misses you.
You tentacle-slap the wraith but do no damage.
The wraith is severely damaged.
The wraith hits you! x2
* * * LOW HITPOINT WARNING * * *
The wraith drains your vigour!
You feel as though you will be slow longer.
You closely miss the wraith.
The wraith is severely damaged.
The wraith hits you but does no damage.
You barely miss the wraith.
The wraith is heavily damaged.
The wraith hits you!
* * * LOW HITPOINT WARNING * * *
The wraith drains your vigour!
You feel as though you will be slow longer.
It was a potion of enlightenment.
You feel very buoyant.
You fly up into the air.
The wraith closely misses you. The wraith hits you!
You die...

.........#
#.......## #.#
##.....## #.#
###...## #.#
.....## #.#
#.#..# #.#
####.# #.# #..##
#W# ##..######
#@# ##.......#
#.#
#....###.#####.#
##.#.# #.......#
##...###.#######
#..#.....#
##.####### ##.#
#..#


You could see a wraith.

Vanquished Creatures
  A yak (D:5)
  A howler monkey (D:5)
  2 hounds (D:4)
  3 orc wizards (D:3)
  8 adders
  2 ufetubi (D:5)
  13 orcs
  7 bats
  10 endoplasms
  2 giant cockroaches
  3 hobgoblins
  3 jackals (D:4)
  5 kobolds
  3 quokkas
  12 ball pythons
  6 frilled lizards
  7 goblins
  7 rats
95 creatures vanquished.

Notes
Turn   | Place    | Note
-------+----------+-------------------------------------------
     0 | D:1      | Dorkslayer the Octopode Fighter began the quest for the
                  | Orb.
     0 | D:1      | Reached XP level 1. HP: 16/16 MP: 1/1
   186 | D:1      | Reached XP level 2. HP: 19/21 MP: 2/2
   827 | D:2      | Reached XP level 3. HP: 26/26 MP: 3/3
  1362 | D:2      | Found a faded altar of an unknown god.
  1533 | D:3      | Reached skill level 1 in Stealth
  1533 | D:3      | Reached skill level 3 in Unarmed Combat
  1533 | D:3      | Reached XP level 4. HP: 20/31 MP: 4/4
  1833 | D:3      | Reached XP level 5. HP: 26/36 MP: 5/5
  1835 | D:3      | Reached skill level 4 in Unarmed Combat
  2271 | D:4      | Found a staircase to the Ecumenical Temple.
  2286 | Temple   | Entered the Ecumenical Temple
  2388 | Temple   | Became a worshipper of Dithmenos the Shadowed
  2429 | D:4      | Reached XP level 6. HP: 36/42 MP: 6/6
  2942 | D:5      | Entered Level 5 of the Dungeon
  2947 | D:5      | Reached * piety under Dithmenos
  2948 | D:5      | Reached skill level 5 in Unarmed Combat
  3026 | D:5      | Noticed a yak
  3043 | D:5      | Killed a yak
  3044 | D:5      | Reached XP level 7. HP: 8/46 MP: 7/7
  3115 | D:5      | Found a basalt altar of Yredelemnul.
  3362 | D:5      | Noticed a wraith
  3382 | D:5      | HP: 1/46 [wraith (7)]
  3383 | D:5      | Mangled by a wraith

Illustrated notes

Levels and vault maps discovered:
D:1:      ncdulo_smallfort, layout_basic, lemuel_flame_loot_1
D:2:      layout_basic, shapermc_ecumenical_altar_acropolis
D:3:      layout_loops_ring
D:4:      layout_cave_pools, minmay_temple_entry_drinking_statues,
          dreamdust_princess_corridor
D:5:      layout_loops_corners, yredelemnul_altar_generic,
          minmay_manual_macuahuitl
Temple:   mainiacjoe_temple_big_plus

Skill      XL: |  1  2  3  4  5  6 |
---------------+-------------------+-----
Stealth        | 1 2 3 |  3.1
Unarmed Combat | 3 4 5 |  5.7
Dodging        | 4 |  4.2
Fighting       | |  3.5
Throwing       | |  0.9
Shields        | |  3.5

Action                     |  1- 3 |  4- 6 |  7- 9 || total
---------------------------+-------+-------+-------++-------
  Melee: Unarmed           |    84 |    94 |    15 ||   193
         Tentacles         |    20 |    21 |     2 ||    43
         Constrict         |    19 |    25 |       ||    44
         Punch             |     1 |     5 |       ||     6
  Throw: Dart              |       |     5 |       ||     5
         Boomerang         |       |     4 |       ||     4
  Evoke: Wand              |       |       |     6 ||     6
    Use: Scroll            |     3 |     4 |       ||     7
         Potion            |       |     1 |     1 ||     2
   Stab: Sleeping          |     3 |    10 |       ||    13
         Distracted        |     1 |       |       ||     1
 Armour: Skin              |    33 |    39 |     9 ||    81
  Dodge: Dodged            |    55 |    53 |     9 ||   117
  Block: Buckler           |    22 |    19 |     1 ||    42

Table legend: (Time is in decaauts)
 A = Elapsed time spent in this place.
 B = Non-inter-level travel time spent in this place.
 C = Inter-level travel time spent in this place.
 D = Time resting spent in this place.
 E = Time spent auto-exploring this place.
 F = Levels seen in this place.
 G = Mean time per level.
                   A        B        C        D        E       F      G
               +--------+--------+--------+--------+--------+-----+--------+
         Total |   3383 |   3383 |      0 |      0 |   2136 |   6 |  563.8 |
       Dungeon |   3247 |   3247 |      0 |      0 |   2136 |   5 |  649.4 |
        Temple |    135 |    135 |      0 |      0 |      0 |   1 |  135.0 |
               +--------+--------+--------+--------+--------+-----+--------+

Top non-repeatable levels by time:
     D:1: 820 daAuts
     D:3: 733 daAuts
     D:2: 640 daAuts
     D:4: 610 daAuts
     D:5: 443 daAuts
  Temple: 135 daAuts
